 Dungeon Crawl Stone Soup version 0.21-a0-442-g848f44b (webtiles) character file.

1306 nikopol the Magician (level 8, -14/43 HPs)
             Began as a Deep Elf Fire Elementalist on Nov 13, 2017.
             Was a Follower of Vehumet.
             Demolished by B1inky's ghost (15 damage)
             ... on level 7 of the Dungeon.
             The game lasted 00:22:20 (4579 turns).

nikopol the Magician (Deep Elf Fire Elementalist)   Turns: 4579, Time: 00:22:21

Health: -14/43     AC:  2    Str:  5    XL:     8   Next: 32%
Magic:  20/30      EV: 13    Int: 23    God:    Vehumet [*.....]
Gold:   169        SH:  0    Dex: 15    Spells: 10/22 levels left

rFire    . . .     SeeInvis .   e - +0 dagger
rCold    . . .     Gourm    .   (no shield)
rNeg     . . .     Faith    .   a - +0 robe
rPois    .         Spirit   .   n - +0 hat
rElec    .         Reflect  .   (no cloak)
rCorr    .         Harm     .   (no gloves)
MR       .....                  (no boots)
Stlth    +++.......             (no amulet)
HPRegen  0.14/turn              f - ring of stealth
MPRegen  0.22/turn              q - ring of magical power

@: no status effects
A: no striking features
a: Renounce Religion


You were on level 7 of the Dungeon.
You worshipped Vehumet.
Vehumet was aware of your devotion.
You were not hungry.

You visited 1 branch of the dungeon, and saw 5 of its levels.

You collected 169 gold pieces.

Inventory:

Hand Weapons
 e - a +0 dagger (weapon)
Armour
 a - a +0 robe (worn)
 n - a +0 hat (worn)
Jewellery
 f - a ring of stealth (left hand)
 q - a ring of magical power (right hand)
Scrolls
 d - 3 scrolls of remove curse {unknown}
 g - 2 scrolls of enchant armour {unknown}
 h - 4 scrolls of identify {unknown}
 j - 2 scrolls of fear {unknown}
 o - 2 scrolls of teleportation {unknown}
 s - a scroll of blinking {unknown}
 y - a scroll of enchant weapon {unknown}
Potions
 i - a potion of resistance {unknown}
 k - 2 potions of haste {unknown}
 l - a potion of degeneration {unknown}
 p - 2 potions of lignification {unknown}
 r - a potion of agility {unknown}
 u - a potion of might {unknown}
 v - a potion of heal wounds {unknown}
 z - a potion of curing {unknown}
Books
 b - a book of Flames

   Spells                             Type                      Level
   a - Flame Tongue                   Conjuration/Fire             1
   b - Throw Flame                    Conjuration/Fire             2
   c - Conjure Flame                  Conjuration/Fire             3
   d - Inner Flame                    Hexes/Fire                   3
   e - Sticky Flame                   Conjuration/Fire             4
   f - Fireball                       Conjuration/Fire             5
 t - a book of Air

   Spells                             Type                      Level
   a - Shock                          Conjuration/Air              1
   b - Swiftness                      Charms/Air                   2
   c - Static Discharge               Conjuration/Air              3
   d - Airstrike                      Air                          4
   e - Lightning Bolt                 Conjuration/Air              5
Comestibles
 c - 7 bread rations
 m - 3 fruits
 w - a royal jelly


   Skills:
 + Level 1.1 Fighting
 + Level 0.1 Short Blades
 + Level 3.0 Dodging
 + Level 3.5 Stealth
 + Level 7.9 Spellcasting
 + Level 5.7 Conjurations
 + Level 7.0 Fire Magic
 + Level 0.7 Air Magic


You had 10 spell levels left.
You knew the following spells:

 Your Spells              Type           Power        Failure   Level  Hunger
a - Flame Tongue          Conj/Fire      #####        1%          1    None
b - Throw Flame           Conj/Fire      #####.       1%          2    None
c - Conjure Flame         Conj/Fire      #####...     1%          3    None
d - Fireball              Conj/Fire      #####.....   14%         5    #####..
e - Shock                 Conj/Air       ###.         1%          1    None


Dungeon Overview and Level Annotations

Branches:
Dungeon (4/15)             Temple (0/1) D:7

Altars:
Elyvilon
Kikubaaqudgha
Nemelex Xobeh
Okawaru
Ru
Vehumet

Annotations:
D:4 Pikel
D:7 B1inky's ghost, novice OpFi


Message History

The spriggan baker hits you with an enchanted dagger!
* * * LOW HITPOINT WARNING * * *
Casting: Flame Tongue
Confirm with . or Enter, or press ? or * to list all spells.
Aiming: Fireball
Press: ? - help, Shift-Dir - straight line, p - B1inky's ghost The fireball explodes!
The fireball engulfs B1inky's ghost.
B1inky's ghost is heavily damaged.
B1inky's ghost screams, "Death is your only future!"
B1inky's ghost misses you.
The spriggan baker hits you with an enchanted dagger.
* * * LOW HITPOINT WARNING * * *
Casting: Fireball
Confirm with . or Enter, or press ? or * to list all spells.
Aiming: Fireball
Press: ? - help, Shift-Dir - straight line The fireball explodes!
The fireball engulfs B1inky's ghost.
B1inky's ghost is severely damaged.
B1inky's ghost hits you!
You die...

#.............# ........#
#.............# .......#
#.............# .......#
#.....##......# #### #...#####
#.....##......###...##...'....
#..#...##.......#.........#....
####...##.......#.........#....
....#.....Wi.#..(......#....
#.. ##.....@.##........#....
#.......##...##...#....
#.......#### ##..W#....
#.......# #....##... #.......#
#....##### ######### #....#
#....# #....# #....#


You could see a spriggan baker and B1inky's ghost.

Vanquished Creatures
  The ghost of 100P the Chopper, an amateur DsGl (D:3)
  Menkaure (D:7)
  2 sky beasts (D:7)
  2 ogres
  A bullfrog (D:7)
  A wyvern skeleton (D:7)
  A howler monkey (D:7)
  2 crimson imps (D:7)
  A centaur zombie (D:7)
  2 hounds
  An orc wizard (D:3)
  A bullfrog skeleton (D:7)
  2 worker ants
  Natasha (D:4)
  7 adders
  A shadow imp (D:7)
  5 oozes
  An adder skeleton (D:7)
  A worm (D:2)
  3 dart slugs (D:2)
  3 leopard geckos
  2 orcs
  7 giant cockroaches
  6 goblins
  11 hobgoblins
  9 jackals
  A quokka (D:3)
  4 ball pythons
  11 bats
  A frilled lizard (D:2)
  6 kobolds
  7 rats
105 creatures vanquished.

Notes
Turn   | Place    | Note
-------+----------+-------------------------------------------
     0 | D:1      | nikopol the Deep Elf Fire Elementalist began the quest for the Orb.
     0 | D:1      | Reached XP level 1. HP: 10/10 MP: 6/6
   119 | D:1      | Reached XP level 2. HP: 15/15 MP: 5/8
   128 | D:1      | Learned a level 2 spell: Throw Flame
   528 | D:1      | Reached XP level 3. HP: 19/19 MP: 7/9
  1129 | D:2      | Reached XP level 4. HP: 24/24 MP: 5/11
  1654 | D:2      | Learned a level 3 spell: Conjure Flame
  1813 | D:3      | Noticed 100P's ghost (amateur DsGl)
  1820 | D:3      | Noticed an ogre
  2422 | D:3      | Killed an ogre
  2422 | D:3      | Reached skill level 5 in Spellcasting
  2422 | D:3      | Reached XP level 5. HP: 28/28 MP: 3/14
  2538 | D:3      | Found a radiant altar of Vehumet.
  2538 | D:3      | Found an ancient bone altar of Kikubaaqudgha.
  2544 | D:3      | Became a worshipper of Vehumet
  2664 | D:3      | Found a sacrificial altar of Ru.
  2672 | D:3      | Reached skill level 5 in Fire Magic
  2905 | D:3      | Reached XP level 6. HP: 28/32 MP: 16/16
  2912 | D:3      | Learned a level 5 spell: Fireball
  3151 | D:3      | Found a white marble altar of Elyvilon.
  3189 | D:3      | Killed 100P's ghost
  3324 | D:3      | Found an iron altar of Okawaru.
  3327 | D:3      | Found a sparkling altar of Nemelex Xobeh.
  3462 | D:4      | Noticed Natasha
  3467 | D:4      | Killed Natasha
  3467 | D:4      | Reached XP level 7. HP: 36/36 MP: 18/18
  3525 | D:4      | Noticed Pikel
  3528 | D:4      | You fall through a shaft for 3 floors!
  3694 | D:7      | Reached * piety under Vehumet
  3694 | D:7      | Offered knowledge of Freeze by Vehumet.
  3697 | D:7      | Learned a level 1 spell: Shock
  3704 | D:7      | Reached skill level 1 in Fighting
  3955 | D:7      | Reached skill level 5 in Conjurations
  4061 | D:7      | Reached XP level 8. HP: 43/43 MP: 20/20
  4095 | D:7      | Found a staircase to the Ecumenical Temple.
  4272 | D:7      | Noticed B1inky's ghost (novice OpFi)
  4387 | D:7      | Noticed Menkaure
  4392 | D:7      | Killed Menkaure
  4578 | D:7      | HP: 1/43 [spriggan baker/enchanted dagger (3)]
  4579 | D:7      | Demolished by B1inky's ghost

Vault maps used:
D:1:      scummos_arrival_checkerplants, moated_statue, amethyst_killhole
D:2:      serial_bayou_lake_a
D:3:      lemuel_crystal_altar, kiku_gazebo_pond_becter, old_standard_altar,
          nicolae_ru_great_annihilating_truth, lemuel_round_altar,
          lemuel_crystal_altar, first_bread
D:4:      chequers_temple_overflow_minitemple, lightli_corner_chamber,
          uniq_crazy_yiuf_cottage, uniq_pikel, uniq_duvessa, uniq_sigmund,
          uniq_natasha
D:7:      cheibriados_altar_1, minmay_temple_entry_purple_smoke, the_bakery,
          kennysheep_flooded_box, grunt_ministairs_9, uniq_menkaure

Skill      XL: |  1  2  3  4  5  6  7  8 |
---------------+-------------------------+-----
Fire Magic     | 4 5 6 7 |  7.0
Stealth        | 3 |  3.5
Spellcasting   | 5 6 7 |  7.9
Conjurations   | 2 3 4 5 |  5.7
Dodging        | 3 |  3.0
Fighting       | 1 |  1.1
Short Blades   | |  0.1
Air Magic      | |  0.7

Action                   |  1- 3 |  4- 6 |  7- 9 || total
-------------------------+-------+-------+-------++-------
Melee: Dagger            |     8 |       |     2 ||    10
 Cast: Flame Tongue      |    84 |   141 |    47 ||   272
       Conjure Flame     |       |     7 |     2 ||     9
       Throw Flame       |       |     4 |    19 ||    23
       Shock             |       |       |    14 ||    14
       Fireball          |       |       |     6 ||     6
  Eat: Chunk             |       |     6 |     5 ||    11
       Royal jelly       |       |     1 |       ||     1
Armor: Robe              |    21 |     6 |       ||    27
Dodge: Dodged            |    58 |    21 |    14 ||    93

Table legend:
 A = Spawn XP
 B = Non-spawn XP
 C = Spawn XP percentage of total XP
 D = Spawn monster count
 E = Non-spawn monster count
 F = Spawn count percentage of total count
 G = Total turns spent on level
                    A         B        C        D         E        F      G
               +---------+---------+-------+---------+---------+-------+---------
         Total |       0 |    1867 |   0.0 |       0 |     105 |   0.0 |  4579
               +---------+---------+-------+---------+---------+-------+---------
           D:1 |       0 |      64 |   0.0 |       0 |      30 |   0.0 |   794
           D:2 |       0 |      91 |   0.0 |       0 |      29 |   0.0 |  1481
           D:3 |       0 |     509 |   0.0 |       0 |      24 |   0.0 |  1185
           D:4 |       0 |     118 |   0.0 |       0 |       3 |   0.0 |    68
           D:7 |       0 |    1085 |   0.0 |       0 |      19 |   0.0 |  1051
               +---------+---------+-------+---------+---------+-------+---------
